 Dungeon Crawl Stone Soup version 0.18.1-48-g4cf74bf (webtiles) character file.

206 sarahorange the Magician (level 5, 0/36 HPs)
             Began as a Demonspawn Wizard on July 19, 2016.
             Succumbed to a worker ant's poison
             ... on level 3 of the Dungeon on July 21, 2016.
             The game lasted 00:26:34 (3834 turns).

sarahorange the Magician (Demonspawn Wizard)        Turns: 3834, Time: 00:26:34

Health: 0/36       AC: 10    Str:  8    XL:     5   Next: 53%
Magic:  7/11       EV: 12    Int: 20    God:
Gold:   179        SH:  0    Dex:  9    Spells: 4 memorised, 5 levels left

rFire  + . .     SeeInvis .     r - +1 hunting sling
rCold  . . .     Gourm    .     a - +0 robe
rNeg   . . .     Faith    .     (no shield)
rPois  .         Spirit   .     b - +1 hat
rElec  .         Dismiss  .     (no cloak)
rCorr  .         Reflect  .     (no gloves)
SustAt .         Harm     .     (no boots)
MR     .....                    (no amulet)
Stlth  ++........               (no ring)
                                s - ring of protection from fire

@: lethally poisoned (0 -> -2), flying (expiring), not resistant to hostile
enchantments, unstealthy
A: rough black scales 2
a: no special abilities


You were on level 3 of the Dungeon.
You were hungry.

You visited 1 branch of the dungeon, and saw 4 of its levels.

You collected 179 gold pieces.

Inventory:

Hand Weapons
 m - a +0 dagger
 r - a +1 hunting sling (weapon)
Missiles
 e - 51 stones (quivered)
 o - 17 poisoned needles
Armour
 a - a +0 robe (worn)
 b - a +1 hat (worn)
Jewellery
 s - a ring of protection from fire (left hand)
Wands
 p - a wand of flame (15/48)
Scrolls
 h - a scroll of enchant weapon
 i - a scroll of noise {unknown}
 j - a scroll of remove curse
 t - a scroll of identify
Potions
 l - a potion of cure mutation {unknown}
 u - a potion of lignification {unknown}
Books
 c - a book of Minor Magic

   Spells                             Type                      Level
   a - Magic Dart                     Conjuration                  1
   b - Blink                          Translocation                2
   c - Call Imp                       Summoning                    2
   d - Repel Missiles                 Charms/Air                   2
   e - Slow                           Hexes                        2
   f - Conjure Flame                  Conjuration/Fire             3
   g - Mephitic Cloud                 Conjuration/Poison/Air       3
Comestibles
 d - 3 bread rations
 f - a slice of pizza
 g - a meat ration
 q - a beef jerky
 v - 3 fruits


   Skills:
 + Level 0.6 Fighting
 + Level 0.1(0.6) Slings
 + Level 1.0(1.1) Throwing
 + Level 2.8 Dodging
 + Level 1.8 Stealth
 * Level 4.5 Spellcasting
 * Level 2.4 Conjurations
 + Level 1.0 Summonings
 + Level 0.8 Translocations
 + Level 0.1 Air Magic


You had 5 spell levels left.
You knew the following spells:

 Your Spells              Type           Power        Failure   Level  Hunger
a - Magic Dart            Conj           ##..         4%          1    None
b - Blink                 Tloc           N/A          17%         2    #......
c - Call Imp              Summ           #.......     14%         2    #......
d - Mephitic Cloud        Conj/Pois/Air  #.......     30%         3    ##.....


Dungeon Overview and Level Annotations

Branches:
Dungeon (4/15)
 Temple: D:4-7

Altars:
Sif Muna


Innate Abilities, Weirdness & Mutations

You are mostly covered in rough black scales (AC +7, Dex -2).


Message History

You feel sick. The worker ant closely misses you.
You feel sick.
You feel sick.
You feel sick.
You feel sick. The worker ant barely misses you.
You feel sick. The worker ant bites you.
* * * LOW HITPOINT WARNING * * *
* * * LOW HITPOINT WARNING * * *
You feel sick.
* * * LOW HITPOINT WARNING * * *
You feel sick.
* * * LOW HITPOINT WARNING * * *
You feel sick.
You are starting to lose your buoyancy.
The worker ant bites you but does no damage.
* * * LOW HITPOINT WARNING * * *
You feel sick. The worker ant closely misses you.
You die...

###### ######..... ##..........
#..#.#..###. #..#.#..#...
############..###..###.
###########.....@.a..............
........................###..###.
###########.########.#....#.(..#.
#####.# ##.##.###..###.
#######.....# #..............
............# #.....###..###.
#######.....# #.....#....#.#.
####........# ##.##.###).#.#.
......#####.########.##....)..)..


You could see a worker ant.

Vanquished Creatures
  A hound (D:4)
  Jessica (D:2)
  3 gnolls (D:3)
  5 adders
  An ooze (D:1)
  A worm (D:2)
  4 dart slugs
  6 giant geckos
  An orc (D:3)
  6 giant cockroaches
  7 goblins
  5 hobgoblins
  A quokka (D:3)
  4 bats
  5 giant newts
  10 kobolds
  5 rats
  A fungus (D:1)
67 creatures vanquished.

Vanquished Creatures (collateral kills)
  An adder (D:3)
  A worm (D:3)
2 creatures vanquished.

Grand Total: 69 creatures vanquished

Notes
Turn   | Place    | Note
--------------------------------------------------------------
     0 | D:1      | sarahorange the Demonspawn Wizard began the quest for the Orb.
     0 | D:1      | Reached XP level 1. HP: 13/13 MP: 4/4
   362 | D:1      | Gained mutation: You are partially covered in rough black scales (AC +4, Dex -1). [demonic ancestry]
   362 | D:1      | Reached XP level 2. HP: 2/19 MP: 1/6
  1280 | D:1      | Reached XP level 3. HP: 24/24 MP: 6/8
  1285 | D:1      | Learned a level 2 spell: Blink
  1288 | D:1      | Learned a level 2 spell: Call Imp
  1292 | D:1      | Learned a level 3 spell: Mephitic Cloud
  1994 | D:2      | Noticed Jessica
  2021 | D:2      | Killed Jessica
  2021 | D:2      | Reached skill level 1 in Throwing
  2091 | D:2      | Found a deep blue altar of Sif Muna.
  2223 | D:2      | Reached XP level 4. HP: 30/30 MP: 3/9
  2616 | D:2      | Reached skill level 4 in Spellcasting
  2877 | D:3      | Found a faded altar to an unknown god.
  3189 | D:3      | Gained mutation: You are mostly covered in rough black scales (AC +7, Dex -2). [demonic ancestry]
  3189 | D:3      | Reached XP level 5. HP: 36/36 MP: 1/11
  3827 | D:3      | HP: 1/36 [poisoned by a worker ant]
  3834 | D:3      | Succumbed to a worker ant's poison

Skill      XL: |  1  2  3  4 |
---------------+-------------+-----
Dodging        | 2 |  2.8
Throwing       | 1 |  1.0
Spellcasting   | 4 |  4.5
Conjurations   | 2 |  2.4
Fighting       | |  0.6
Slings         | |  0.1
Stealth        | |  1.8
Summonings     | |  1.0
Translocations | |  0.8
Air Magic      | |  0.1

Action                   |  1- 3 |  4- 6 || total
-------------------------+-------+-------++-------
Melee: Unarmed           |    43 |       ||    43
       Dagger            |    25 |     5 ||    30
 Fire: Hunting sling     |       |    40 ||    40
Throw: Stone             |    32 |       ||    32
 Cast: Magic Dart        |    96 |    98 ||   194
       Call Imp          |     1 |     4 ||     5
       Mephitic Cloud    |       |     1 ||     1
Evoke: Wand              |       |     2 ||     2
  Use: Potion            |       |     2 ||     2
       Scroll            |       |     7 ||     7
  Eat: Chunk             |     3 |     4 ||     7
       Beef jerky        |     1 |       ||     1
Armor: Robe              |    22 |    47 ||    69
Dodge: Dodged            |    50 |    77 ||   127
